PAAA
ELLENBURG FIGHTING DACHSUNDS @ PAWNEE PARKSNREC
05/07/2034
 
TOP OF THE 1ST
Ellenburg Fighting Dachsunds batting - Pitching for Pawnee ParksNRec : RHP Hengkie Iriawan
Pitching: RHP Hengkie Iriawan
Batting: RHB Oscar McMillan 0-0: Bunt for hit - play at first, batter OUT! 2-3
Batting: SHB Ben Boston 0-0: Ball
1-0: Ball
2-0: Called Strike
2-1: Ground out U3 (Groundball, 3L)
Batting: LHB Vladya Pugiev 0-0: Ball
1-0: Ball
2-0: Ball
3-0: Base on Balls
Batting: RHB Andrew Cantrell 0-0: Foul Ball, location: 2F
0-1: Ball
1-1: Ball
2-1: Called Strike
2-2: Strikes out swinging
Top of the 1st over - 0 runs, 0 hits, 0 errors, 1 left on base; Ellenburg 0 - Pawnee 0
BOTTOM OF THE 1ST
Pawnee ParksNRec batting - Pitching for Ellenburg Fighting Dachsunds : RHP Benjamin Busto
Pitching: RHP Benjamin Busto
Batting: LHB Elmer Hudgins 0-0: Ball
1-0: Fly out, F9 (Flyball, 9S)
Batting: RHB Gustavo González 0-0: Ball
1-0: Ball
2-0: Foul Ball, location: 2F
2-1: Ball
3-1: Base on Balls
Batting: RHB Amon-Ra St. Brown 0-0: Called Strike
0-1: Ball
1-1: Swinging Strike
1-2: Ball
2-2: Ball
3-2: Foul Ball, location: 2F
3-2: Base on Balls
Gustavo González to second
Batting: RHB Júlio Rodríguez 0-0: Ball
1-0: Ball
2-0: Called Strike
2-1: Foul Ball, location: 2F
2-2: Foul Ball, location: 2F
2-2: Ball
3-2: Strikes out looking
Batting: SHB Dave Gant 0-0: Foul Ball, location: 2F
0-1: Ball
1-1: Ball
2-1: Fielders Choice at 2nd, 4-6 (Groundball, 4MD)
Bottom of the 1st over - 0 runs, 0 hits, 0 errors, 2 left on base; Ellenburg 0 - Pawnee 0
TOP OF THE 2ND
Ellenburg Fighting Dachsunds batting - Pitching for Pawnee ParksNRec : RHP Hengkie Iriawan
Batting: RHB Asko Riikonen 0-0: Called Strike
0-1: Ball
1-1: Ball
2-1: Ball
3-1: Called Strike
3-2: Strikes out swinging
Batting: LHB Vicente Castaneda 0-0: Ball
1-0: Called Strike
1-1: Called Strike
1-2: Ground out U3 (Groundball, 3L)
Batting: RHB Manuel Rosales 0-0: Ball
1-0: Ground out 1-3 (Groundball, 13S)
Top of the 2nd over - 0 runs, 0 hits, 0 errors, 0 left on base; Ellenburg 0 - Pawnee 0
BOTTOM OF THE 2ND
Pawnee ParksNRec batting - Pitching for Ellenburg Fighting Dachsunds : RHP Benjamin Busto
Batting: RHB Alan Patterson 0-0: Ground out 1-3 (Groundball, 13S)
Batting: RHB Mike Lipide 0-0: Ball
1-0: Ground out 1-3 (Groundball, 13S)
Batting: RHB Daryl Moran 0-0: Called Strike
0-1: Ball
1-1: Ball
2-1: Foul Ball, location: 2F
2-2: Ball
3-2: Fly out, F9 (Flyball, 89S)
Bottom of the 2nd over - 0 runs, 0 hits, 0 errors, 0 left on base; Ellenburg 0 - Pawnee 0
TOP OF THE 3RD
Ellenburg Fighting Dachsunds batting - Pitching for Pawnee ParksNRec : RHP Hengkie Iriawan
Batting: RHB José Vázquez 0-0: Ball
1-0: Swinging Strike
1-1: Ball
2-1: Foul Ball, location: 2F
2-2: Foul Ball, location: 2F
2-2: SINGLE (Line Drive, 4D)
Batting: RHB Roy Bowman 0-0: Ball
1-0: Ball
2-0: Ball
3-0: Called Strike
3-1: Foul Ball, location: 2F
3-2: Base on Balls
José Vázquez to second
Batting: RHB Oscar McMillan 0-0: Ball
1-0: Swinging Strike
1-1: Foul Ball, location: 2F
1-2: Ball
2-2: Foul Ball, location: 2F
2-2: Foul Ball, location: 2F
2-2: Foul Ball, location: 2F
2-2: Ball
3-2: Base on Balls
José Vázquez to third
Roy Bowman to second
Batting: SHB Ben Boston 0-0: Called Strike
0-1: Ball
1-1: Swinging Strike
1-2: Strikes out swinging
Batting: LHB Vladya Pugiev 0-0: Ball
1-0: Foul Ball, location: 2F
1-1: Swinging Strike
1-2: Ball
2-2: Strikes out looking
Batting: RHB Andrew Cantrell 0-0: Called Strike
0-1: Ball
1-1: Ball
2-1: Ball
3-1: Base on Balls
José Vázquez scores
Roy Bowman to third
Oscar McMillan to second
Batting: RHB Asko Riikonen 0-0: Ground out 4-3 (Groundball, 4)
Top of the 3rd over - 1 run, 1 hit, 0 errors, 3 left on base; Ellenburg 1 - Pawnee 0
BOTTOM OF THE 3RD
Pawnee ParksNRec batting - Pitching for Ellenburg Fighting Dachsunds : RHP Benjamin Busto
Batting: RHB Iván Rodríguez 0-0: Ground out 1-3 (Groundball, P)
Batting: LHB Elmer Hudgins 0-0: Fly out, F8 (Flyball, 8RD)
Batting: RHB Gustavo González 0-0: Swinging Strike
0-1: Ball
1-1: Fly out, F7 (Flyball, 7)
Bottom of the 3rd over - 0 runs, 0 hits, 0 errors, 0 left on base; Ellenburg 1 - Pawnee 0
TOP OF THE 4TH
Ellenburg Fighting Dachsunds batting - Pitching for Pawnee ParksNRec : RHP Hengkie Iriawan
Batting: LHB Vicente Castaneda 0-0: Called Strike
0-1: Ball
1-1: Ball
2-1: Foul Ball, location: 2F
2-2: Foul Ball, location: 2F
2-2: DOUBLE (Line Drive, 7LS)
Batting: RHB Manuel Rosales 0-0: Swinging Strike
0-1: Ball
1-1: Ball
2-1: Fly out, F6 (Popup, 6)
Batting: RHB José Vázquez 0-0: Ball
1-0: Ball
2-0: Ball
3-0: Called Strike
3-1: Base on Balls
Batting: RHB Roy Bowman 0-0: Called Strike
0-1: Ball
1-1: Ball
Wild Pitch!
Vicente Castaneda to third
José Vázquez to second
2-1: Swinging Strike
2-2: Ball
3-2: Fly out, F9 (Flyball, 89S)
Batting: RHB Oscar McMillan 0-0: Called Strike
0-1: Ball
1-1: Foul Ball, location: 2F
1-2: SINGLE (Line Drive, 9LS)
Vicente Castaneda scores
José Vázquez to third
Runner from 3rd tries for Home, SAFE, no throw
Batting: SHB Ben Boston 0-0: Ball
1-0: Ball
2-0: Foul Ball, location: 2F
2-1: Foul Ball, location: 2F
2-2: Ball
3-2: Foul Ball, location: 2F
3-2: Base on Balls
Oscar McMillan to second
Batting: LHB Vladya Pugiev 0-0: SINGLE (Groundball, 4S) (infield hit)
Oscar McMillan to third
Ben Boston to second
Batting: RHB Andrew Cantrell 0-0: Ball
1-0: Ball
2-0: Foul Ball, location: 2F
2-1: Ball
3-1: Base on Balls
Oscar McMillan scores
Ben Boston to third
Vladya Pugiev to second
Batting: RHB Asko Riikonen 0-0: Ball
1-0: Foul Ball, location: 2F
1-1: Ground out 1-3 (Groundball, P)
Top of the 4th over - 3 runs, 3 hits, 0 errors, 3 left on base; Ellenburg 4 - Pawnee 0
BOTTOM OF THE 4TH
Pawnee ParksNRec batting - Pitching for Ellenburg Fighting Dachsunds : RHP Benjamin Busto
Batting: RHB Amon-Ra St. Brown 0-0: Fly out, F9 (Line Drive, 9)
Batting: RHB Júlio Rodríguez 0-0: Ball
1-0: Ground out 5-3 (Groundball, 56S)
Batting: SHB Dave Gant 0-0: Called Strike
0-1: Ball
1-1: Foul Ball, location: 2F
1-2: Ground out 6-3 (Groundball, 56)
Bottom of the 4th over - 0 runs, 0 hits, 0 errors, 0 left on base; Ellenburg 4 - Pawnee 0
TOP OF THE 5TH
Ellenburg Fighting Dachsunds batting - Pitching for Pawnee ParksNRec : RHP Hengkie Iriawan
Batting: LHB Vicente Castaneda 0-0: Ball
1-0: Ball
2-0: Ground out 4-3 (Groundball, 4M)
Pitching: RHP Inocencio Galló
Batting: RHB Manuel Rosales 0-0: Foul Ball, location: 2F
0-1: Ball
1-1: Ball
2-1: Ball
3-1: Fly out, F9 (Flyball, 9LS)
Batting: RHB José Vázquez 0-0: Ball
1-0: Called Strike
1-1: Foul Ball, location: 2F
1-2: Ball
2-2: SINGLE (Line Drive, 8RS)
Batting: RHB Roy Bowman 0-0: Ball
1-0: Called Strike
1-1: Called Strike
1-2: Ball
2-2: Foul Ball, location: 2F
2-2: Foul Ball, location: 2F
2-2: Ball
Wild Pitch!
José Vázquez to second
3-2: Base on Balls
Batting: RHB Oscar McMillan 0-0: Ball
1-0: Foul Ball, location: 2F
1-1: Ball
2-1: Ball
3-1: Called Strike
3-2: Base on Balls
José Vázquez to third
Roy Bowman to second
Batting: SHB Ben Boston 0-0: Ball
Wild Pitch!
José Vázquez scores
Roy Bowman to third
Oscar McMillan to second
1-0: Fly out, F3 (Line Drive, 3)
Top of the 5th over - 1 run, 1 hit, 0 errors, 2 left on base; Ellenburg 5 - Pawnee 0
BOTTOM OF THE 5TH
Pawnee ParksNRec batting - Pitching for Ellenburg Fighting Dachsunds : RHP Benjamin Busto
Batting: RHB Alan Patterson 0-0: SINGLE (Line Drive, 56D)
Batting: RHB Mike Lipide 0-0: Ball
Alan Patterson is caught stealing 2nd base
1-0: Ball
2-0: Foul Ball, location: 2F
2-1: Ball
3-1: Base on Balls
Batting: RHB Daryl Moran 0-0: Called Strike
0-1: Ball
Mike Lipide is caught stealing 2nd base
1-1: Foul Ball, location: 2F
1-2: Ball
2-2: Ball
3-2: Foul Ball, location: 2F
3-2: SINGLE (Groundball, 4D)
Batting: RHB Iván Rodríguez 0-0: Called Strike
0-1: Foul Ball, location: 2F
0-2: Ball
1-2: Fly out, F9 (Flyball, 9)
Bottom of the 5th over - 0 runs, 2 hits, 0 errors, 1 left on base; Ellenburg 5 - Pawnee 0
TOP OF THE 6TH
Ellenburg Fighting Dachsunds batting - Pitching for Pawnee ParksNRec : RHP Inocencio Galló
Batting: LHB Vladya Pugiev 0-0: Called Strike
0-1: SINGLE (Groundball, 34D)
Batting: RHB Andrew Cantrell 0-0: Ball
1-0: Grounds into double play, 6-4-3 (Groundball, 6)
Batting: RHB Asko Riikonen 0-0: Ball
1-0: Ball
2-0: SOLO HOME RUN (Flyball, 78XD), Distance : 423 ft
Batting: LHB Vicente Castaneda 0-0: Called Strike
0-1: Called Strike
0-2: Foul Ball, location: 2F
0-2: Ball
1-2: Foul Ball, location: 2F
1-2: Ball
2-2: Foul Ball, location: 2F
2-2: SINGLE (Line Drive, 4D)
Batting: RHB Manuel Rosales 0-0: Called Strike
0-1: Ball
1-1: Called Strike
Vicente Castaneda is caught stealing 2nd base
Top of the 6th over - 1 run, 3 hits, 0 errors, 0 left on base; Ellenburg 6 - Pawnee 0
BOTTOM OF THE 6TH
Pawnee ParksNRec batting - Pitching for Ellenburg Fighting Dachsunds : RHP Benjamin Busto
Batting: LHB Elmer Hudgins 0-0: Called Strike
0-1: Fly out, F4 (Popup, 4MD)
Batting: RHB Gustavo González 0-0: Ball
1-0: Ball
2-0: Swinging Strike
2-1: Swinging Strike
2-2: Strikes out looking
Batting: RHB Amon-Ra St. Brown 0-0: Ball
1-0: Foul Ball, location: 2F
1-1: Ball
2-1: SINGLE (Flyball, 78M)
Batting: RHB Júlio Rodríguez 0-0: Called Strike
0-1: Ball
1-1: Ball
2-1: Ball
3-1: Base on Balls
Amon-Ra St. Brown to second
Batting: SHB Dave Gant 0-0: Ball
1-0: Called Strike
1-1: Foul Ball, location: 2F
1-2: Ground out 4-3 (Groundball, 4M)
Bottom of the 6th over - 0 runs, 1 hit, 0 errors, 2 left on base; Ellenburg 6 - Pawnee 0
TOP OF THE 7TH
Ellenburg Fighting Dachsunds batting - Pitching for Pawnee ParksNRec : RHP Inocencio Galló
Batting: RHB Manuel Rosales 0-0: Ball
1-0: Ball
2-0: Foul Ball, location: 2F
2-1: Ball
3-1: SINGLE (Flyball, 78M)
Batting: RHB José Vázquez 0-0: Ball
1-0: Swinging Strike
1-1: Foul Ball, location: 2F
1-2: Ball
2-2: Foul Ball, location: 2F
2-2: Ball
3-2: SINGLE (Line Drive, 56D)
Manuel Rosales to second
Pitching: LHP Luis Ruíz
Batting: RHB Roy Bowman 0-0: Ball
1-0: Grounds into double play, 6-4-3 (Groundball, 6)
Manuel Rosales to third
Batting: RHB Oscar McMillan 0-0: Called Strike
0-1: Swinging Strike
0-2: Ball
1-2: Foul Ball, location: 2F
1-2: Foul Ball, location: 2F
1-2: Ball
2-2: Ball
3-2: Base on Balls
Batting: SHB Ben Boston 0-0: Called Strike
Oscar McMillan steals 2nd base
0-1: Swinging Strike
0-2: Foul Ball, location: 2F
0-2: Ball
1-2: SINGLE (Line Drive, 6MD)
Manuel Rosales scores
Oscar McMillan to third
Runner from 3rd tries for Home, SAFE, no throw
Batting: LHB Vladya Pugiev 0-0: Ball
1-0: Called Strike
1-1: Swinging Strike
1-2: Ball
2-2: Foul Ball, location: 2F
2-2: Strikes out swinging
Top of the 7th over - 2 runs, 3 hits, 0 errors, 1 left on base; Ellenburg 8 - Pawnee 0
BOTTOM OF THE 7TH
Pawnee ParksNRec batting - Pitching for Ellenburg Fighting Dachsunds : RHP Benjamin Busto
Batting: RHB Alan Patterson 0-0: Ball
1-0: Swinging Strike
1-1: Ball
2-1: Swinging Strike
2-2: Foul Ball, location: 2F
2-2: Strikes out swinging
Batting: RHB Mike Lipide 0-0: Called Strike
0-1: Fly out, F7 (Flyball, 7S)
Batting: RHB Daryl Moran 0-0: Ball
1-0: Ball
2-0: Ball
3-0: Base on Balls
Batting: RHB Iván Rodríguez 0-0: Ball
1-0: Ball
2-0: Swinging Strike
2-1: Foul Ball, location: 2F
2-2: Ball
3-2: Foul Ball, location: 2F
3-2: Ground out 5-3 (Groundball, 5L)
Bottom of the 7th over - 0 runs, 0 hits, 0 errors, 1 left on base; Ellenburg 8 - Pawnee 0
TOP OF THE 8TH
Ellenburg Fighting Dachsunds batting - Pitching for Pawnee ParksNRec : LHP Luis Ruíz
Batting: RHB Andrew Cantrell 0-0: Swinging Strike
0-1: Ball
1-1: Swinging Strike
1-2: Ball
2-2: Foul Ball, location: 2F
2-2: Ball
3-2: Ground out 6-3 (Groundball, 6)
Batting: RHB Asko Riikonen 0-0: Called Strike
0-1: Ball
1-1: Ball
2-1: Called Strike
2-2: Foul Ball, location: 2F
2-2: Fly out, F9 (Flyball, 89M)
Batting: LHB Vicente Castaneda 0-0: Called Strike
0-1: Ball
1-1: Ball
2-1: Ball
3-1: Base on Balls
Batting: RHB Manuel Rosales 0-0: Called Strike
0-1: Ball
1-1: DOUBLE (Flyball, 89D)
Vicente Castaneda to third
Runner from 3rd tries for Home, SAFE, throw made at trailing runner, SAFE at third!
Pinch Hitting: RHB Mark Keys 0-0: Called Strike
0-1: Swinging Strike
0-2: DOUBLE (Line Drive, 9D)
Manuel Rosales scores
Batting: RHB Roy Bowman 0-0: Ball
1-0: Foul Ball, location: 2F
1-1: DOUBLE (Line Drive, 78M)
Mark Keys scores
Batting: RHB Oscar McMillan 0-0: Ball
1-0: Called Strike
1-1: Ball
2-1: Ball
3-1: Foul Ball, location: 2F
3-2: Foul Ball, location: 2F
3-2: Foul Ball, location: 2F
3-2: Foul Ball, location: 2F
3-2: Base on Balls
Batting: SHB Ben Boston 0-0: Called Strike
0-1: Ball
1-1: SINGLE (Line Drive, 56)
Roy Bowman to third
Oscar McMillan to second
Runner from 3rd tries for Home, SAFE, no throw
Pitching: LHP Jesús Salazar
Batting: LHB Vladya Pugiev 0-0: Ball
1-0: Ball
2-0: Called Strike
2-1: Ball
3-1: Base on Balls
Oscar McMillan to third
Ben Boston to second
Batting: RHB Andrew Cantrell 0-0: Called Strike
0-1: Swinging Strike
0-2: Ball
1-2: Ground out 5-3 (Groundball, 56S)
Top of the 8th over - 4 runs, 4 hits, 0 errors, 3 left on base; Ellenburg 12 - Pawnee 0
BOTTOM OF THE 8TH
Pawnee ParksNRec batting - Pitching for Ellenburg Fighting Dachsunds : RHP Benjamin Busto
Now at 1B: Mark Keys
Batting: LHB Elmer Hudgins 0-0: Ball
1-0: Swinging Strike
1-1: Foul Ball, location: 2F
1-2: Foul Ball, location: 2F
1-2: Ball
2-2: Foul Ball, location: 2F
2-2: DOUBLE (Line Drive, 7LM)
Batting: RHB Gustavo González 0-0: Called Strike
0-1: Swinging Strike
0-2: Strikes out looking
Batting: RHB Amon-Ra St. Brown 0-0: Ball
1-0: Swinging Strike
1-1: Ball
2-1: Called Strike
2-2: Fly out, F5 (Line Drive, 5)
Batting: RHB Júlio Rodríguez 0-0: Called Strike
0-1: Foul Ball, location: 2F
0-2: Strikes out looking
Bottom of the 8th over - 0 runs, 1 hit, 0 errors, 1 left on base; Ellenburg 12 - Pawnee 0
TOP OF THE 9TH
Ellenburg Fighting Dachsunds batting - Pitching for Pawnee ParksNRec : LHP Jesús Salazar
Batting: RHB Asko Riikonen 0-0: Ball
1-0: Foul Ball, location: 2F
1-1: Called Strike
1-2: Foul Ball, location: 2F
1-2: Ball
2-2: Foul Ball, location: 2F
2-2: Foul Ball, location: 2F
2-2: Foul Ball, location: 2F
2-2: Ball
3-2: Ground out 4-3 (Groundball, 34)
Batting: LHB Vicente Castaneda 0-0: Called Strike
0-1: Called Strike
0-2: Strikes out swinging
Batting: RHB Manuel Rosales 0-0: Ball
1-0: Ball
2-0: Called Strike
2-1: Foul Ball, location: 2F
2-2: SINGLE (Groundball, 4MD)
Batting: RHB Mark Keys 0-0: Ball
1-0: Ball
2-0: DOUBLE (Line Drive, 89D)
Manuel Rosales to third
Runner from 3rd tries for Home, SAFE, no throw
Batting: RHB Roy Bowman 0-0: Ball
1-0: Foul Ball, location: 2F
1-1: Ball
2-1: Foul Ball, location: 2F
2-2: SINGLE (Groundball, 6MD)
Mark Keys to third
Runner from 3rd tries for Home, SAFE, throw made home
Batting: RHB Oscar McMillan 0-0: Ball
1-0: Ball
2-0: Foul Ball, location: 2F
2-1: Foul Ball, location: 2F
2-2: Ball
3-2: Foul Ball, location: 2F
3-2: Ground out 5-3 (Groundball, 56)
Top of the 9th over - 2 runs, 3 hits, 0 errors, 1 left on base; Ellenburg 14 - Pawnee 0
BOTTOM OF THE 9TH
Pawnee ParksNRec batting - Pitching for Ellenburg Fighting Dachsunds : RHP Benjamin Busto
Batting: SHB Dave Gant 0-0: Ball
1-0: Swinging Strike
1-1: Ball
2-1: Foul Ball, location: 2F
2-2: Ground out 4-3 (Groundball, 4)
Batting: RHB Alan Patterson 0-0: Foul Ball, location: 2F
0-1: Called Strike
0-2: Ball
1-2: Ground out U3 (Groundball, 34)
Batting: RHB Mike Lipide 0-0: Ball
1-0: Ball
2-0: Ball
3-0: Called Strike
3-1: Fly out, F7 (Flyball, 7S)
Bottom of the 9th over - 0 runs, 0 hits, 0 errors, 0 left on base; Ellenburg 14 - Pawnee 0
Friday, March 29th, 2019 - OOTP Baseball 18.8 Build 76